Avalanche vs Predators

Created - 8 avril 2024 at 09:10

Goals
1 2 3 T
Avalanche 0 1 2 3
Predators 0 1 0 1
Shots
1 2 3 T
Avalanche 11 6 17 34
Predators 15 6 10 31

GoalsPenalties
1st period
No Goal
No Penalty
2nd period
1. Predators , Claude Giroux 4 (Steven Stamkos 5) at 4:15
2. Avalanche , Jordan Kyrou 1 (David Pastrnak 3, Brayden Point 3) at 10:20 (PP)
Phil Kessel (NAS) for Hooking (Minor) at 5:40
Keegan Kolesar (NAS) for High sticking (Minor) at 9:53
Boone Jenner (COL) for High sticking (Minor) at 13:42
3rd period
3. Avalanche , Brayden Point 3 (Travis Sanheim 2, Jordan Kyrou 4) at 1:51
4. Avalanche , Bo Horvat 2 (Brandon Tanev 3) at 19:56 (Empty Net)
Nicolas Hague (NAS) for Roughing (Minor) at 5:49
Timo Meier (COL) for Tripping (Minor) at 15:50
Goalie Stats
Vitek Vanecek (COL), 30 saves from 31 shots - (0,968), W, 5-2-0, 60:00 minutes
Carter Hart (NAS), 31 saves from 33 shots - (0,939), L, 4-3-1, 59:14 minutes
3 StarsOfficial
1 - Vitek Vanecek (COL)
2 - Jordan Kyrou (COL)
3 - Bo Horvat (COL)
Referees : Brandon Schrader and François St-Laurent
Linesman : Jonny Murray and Julia Kainberger
Game Note
Bo Horvat has scored in a empty net!
Finance
Level 1 -- Attendance: 5951 (99%) -- Ticket Income $595,100
Level 2 -- Attendance: 4932 (99%) -- Ticket Income $295,920
Level 3 -- Attendance: 3113 (100%) -- Ticket Income $108,955
Level 4 -- Attendance: 3989 (100%) -- Ticket Income $79,780
Luxury Box -- Attendance: 1000 (100%) -- Ticket Income $200,000
Game was played at the Gaylord Ent. Center.
Total Attendance: 18985 (99%)
Total Ticket Income: $1,279,755
Other Income: $383,926
Total Income: $1,663,681



Team Name Goals Shots Shots Attemp Shots Blocked PIM HIT PP PK FO%
Avalanche 33447174101 / 3 (33%)048%
Predators 1316236230 / 2 (0%)152%

Avalanche
Player Name POS G A P +/- PIM HIT SHT SB MP PP MP PP SHT PK MP PK SHT FO% FOT GA TA
Bo HorvatC1011026020:581:4302:19057% 2300
Boone JennerC/LW0000211017:461:4300:00050% 200
Brandon TanevLW/RW0111011114:570:2502:1900% 011
Brayden PointC/RW1120004018:472:4200:00038% 2110
Corey PerryRW0000011010:580:0000:0000% 000
David KampfC0001001114:110:0001:39057% 710
David PastrnakRW0110024017:542:1710:00050% 210
Dylan DeMeloD0002010321:050:0002:1100% 000
Erik KarlssonD000-1001020:452:2400:0000% 000
Esa LindellD0000002022:022:0102:1100% 000
Jake SandersonD0000003015:392:0100:0000% 000
Jordan KyrouRW1120004218:332:4220:0000% 100
Mattias SamuelssonD0000000016:370:0001:4700% 010
Matty BeniersC000000217:290:0000:0000% 000
Morgan GeekieC/RW000001009:170:0001:39050% 200
Nikolaj EhlersLW/RW000000107:290:0000:0000% 000
Timo MeierLW/RW0000211017:411:4300:0000% 010
Travis SanheimD0111002923:522:2401:4700% 000
Predators
Player Name POS G A P +/- PIM HIT SHT SB MP PP MP PP SHT PK MP PK SHT FO% FOT GA TA
Adam BoqvistD0000011015:161:5100:2700% 001
Adam ErneLW/RW0000000012:130:0001:2400% 000
Blake LizotteC000-1013020:202:1401:45147% 1501
Calvin de HaanD0001042013:330:0001:3100% 001
Claude GirouxC/RW1011026021:052:1301:40050% 1800
Cole CaufieldLW/RW0000011017:580:0000:0000% 100
Erik GustafssonD000-1001121:592:0700:2100% 000
J.J. PeterkaLW/RW000-101007:480:0000:0000% 100
Jaden SchwartzLW0000012018:341:4701:000100% 200
Keegan KolesarRW0000213011:270:5300:0000% 000
Luke GlendeningC/LW/RW0000002014:421:0102:43062% 1300
Mason McTavishC/LW000-102107:480:0000:00050% 600
Nicolas HagueD000-1211020:250:0000:4700% 001
Pat MaroonLW/RW000-102108:040:0000:1600% 000
Phil KesselRW0000201116:281:3510:0000% 000
Ryan McDonaghD0000011023:172:0702:3900% 000
Steven StamkosC/LW0110034020:202:1100:02050% 200
Timothy LiljegrenD000-1021124:151:5103:0500% 012

Avalanche

5 vs 5 Forward
Line #Left WingCenterRight WingPHYDFOFWanted %Time %Time Play
1Boone JennerBo HorvatDavid Pastrnak0233831%15:41
2Timo MeierBrayden PointJordan Kyrou0143832%16:18
3Brandon TanevDavid KampfCorey Perry1131722%10:58
4Matty BeniersMorgan GeekieNikolaj Ehlers140715%7:29
5 vs 5 Defense
Line #DefenseDefensePHYDFOFWanted %Time %Time Play
1Erik KarlssonEsa Lindell1314237%18:26
2Dylan DeMeloTravis Sanheim1313936%18:04
3Mattias SamuelssonJake Sanderson1401627%13:30
4Erik KarlssonEsa Lindell03231%0:26
Power Play Forward
Line #Left WingCenterRight WingPHYDFOFWanted %Time %Time Play
1Jordan KyrouBrayden PointDavid Pastrnak1045861%2:42
2Boone JennerBo HorvatTimo Meier1044239%1:43
Power Play Defense
Line #DefenseDefensePHYDFOFWanted %Time %Time Play
1Erik KarlssonTravis Sanheim0146054%2:24
2Jake SandersonEsa Lindell0144046%2:01
Penalty Kill 4 Players Forward
Line #CenterWingPHYDFOFWanted %Time %Time Play
1Bo HorvatBrandon Tanev1405458%2:19
2David KampfMorgan Geekie1404642%1:39
Penalty Kill 4 Players Defense
Line #DefenseDefensePHYDFOFWanted %Time %Time Play
1Dylan DeMeloEsa Lindell2305055%2:11
2Mattias SamuelssonTravis Sanheim2305045%1:47
Penalty Kill 3 Players
Line #WingPHYDFOFWanted %Time %Time PlayDefenseDefensePHYDFOFWanted %Time %Time Play
1Bo Horvat140500%0:00 Dylan DeMeloEsa Lindell140500%0:00
2David Kampf140500%0:00 Dylan DeMeloMattias Samuelsson140500%0:00
4 vs 4 Forward
Line #CenterWingPHYDFOFWanted %Time %Time Play
1Brayden PointDavid Pastrnak122540%0:00
2Bo HorvatJordan Kyrou122460%0:00
4 vs 4 Defense
Line #DefensePHYDFOFWanted %Time %Time Play
1Erik KarlssonEsa Lindell122500%0:00
2Dylan DeMeloTravis Sanheim122500%0:00
Last Minutes Offensive
Left WingCenterRight WingDefenseDefense
Timo MeierBrayden PointDavid PastrnakErik KarlssonTravis Sanheim
Last Minutes Defensive
Left WingCenterRight WingDefenseDefense
Brandon TanevBo HorvatDavid KampfDylan DeMeloEsa Lindell
Time
Total ForwardTotal DefenseLast Minutes OffensiveLast Minutes Defensive
60:00 60:00 0:001:11
Extra Forwards
Normal PowerPlayPenalty Kill
Boone Jenner, Brandon Tanev, David KampfBoone Jenner, Brandon TanevBoone Jenner
Extra Defensemen
Normal PowerPlayPenalty Kill
Travis Sanheim, Mattias Samuelsson, Jake SandersonTravis Sanheim, Travis SanheimMattias Samuelsson
Penalty Shots
David Pastrnak, Bo Horvat, Brayden Point, Jordan Kyrou, Boone Jenner
Goalie
Vitek Vanecek, Alex Nedeljkovic
Scratches
MacKenzie Entwistle (Healthy), Matt Irwin (Healthy)

Predators

5 vs 5 Forward
Line #Left WingCenterRight WingPHYDFOFWanted %Time %Time Play
1Steven StamkosClaude GirouxCole Caufield1224234%17:17
2Jaden SchwartzBlake LizottePhil Kessel1223230%15:04
3Adam ErneLuke GlendeningKeegan Kolesar1222420%10:20
4J.J. PeterkaMason McTavishPat Maroon122215%7:48
5 vs 5 Defense
Line #DefenseDefensePHYDFOFWanted %Time %Time Play
1Ryan McDonaghErik Gustafsson1224038%19:07
2Timothy LiljegrenNicolas Hague1224037%18:44
3Adam BoqvistCalvin de Haan1222025%12:38
4Ryan McDonaghTimothy Liljegren12200%0:00
Power Play Forward
Line #Left WingCenterRight WingPHYDFOFWanted %Time %Time Play
1Steven StamkosClaude GirouxBlake Lizotte0147060%2:23
2Jaden SchwartzBlake LizottePhil Kessel0143040%1:35
Power Play Defense
Line #DefenseDefensePHYDFOFWanted %Time %Time Play
1Erik GustafssonRyan McDonagh1137053%2:07
2Adam BoqvistTimothy Liljegren1133047%1:51
Penalty Kill 4 Players Forward
Line #CenterWingPHYDFOFWanted %Time %Time Play
1Luke GlendeningBlake Lizotte1406087%3:50
2Claude GirouxAdam Erne1404013%0:35
Penalty Kill 4 Players Defense
Line #DefenseDefensePHYDFOFWanted %Time %Time Play
1Timothy LiljegrenRyan McDonagh1406558%2:33
2Nicolas HagueCalvin de Haan1403542%1:52
Penalty Kill 3 Players
Line #WingPHYDFOFWanted %Time %Time PlayDefenseDefensePHYDFOFWanted %Time %Time Play
1Luke Glendening140600%0:00 Timothy LiljegrenRyan McDonagh140650%0:00
2Claude Giroux140400%0:00 Nicolas HagueCalvin de Haan140350%0:00
4 vs 4 Forward
Line #CenterWingPHYDFOFWanted %Time %Time Play
1Steven StamkosClaude Giroux122500%0:00
2Claude GirouxJaden Schwartz122500%0:00
4 vs 4 Defense
Line #DefensePHYDFOFWanted %Time %Time Play
1Erik GustafssonRyan McDonagh122500%0:00
2Nicolas HagueTimothy Liljegren122500%0:00
Last Minutes Offensive
Left WingCenterRight WingDefenseDefense
Steven StamkosClaude GirouxCole CaufieldErik GustafssonAdam Boqvist
Last Minutes Defensive
Left WingCenterRight WingDefenseDefense
Blake LizotteLuke GlendeningKeegan KolesarTimothy LiljegrenNicolas Hague
Time
Total ForwardTotal DefenseLast Minutes OffensiveLast Minutes Defensive
60:00 60:00 1:080:00
Extra Forwards
Normal PowerPlayPenalty Kill
Steven Stamkos, Claude Giroux, Luke GlendeningSteven Stamkos, Claude GirouxLuke Glendening
Extra Defensemen
Normal PowerPlayPenalty Kill
Ryan McDonagh, Timothy Liljegren, Erik GustafssonErik Gustafsson, Ryan McDonaghTimothy Liljegren
Penalty Shots
Steven Stamkos, Claude Giroux, Luke Glendening, Jaden Schwartz, Blake Lizotte
Goalie
Carter Hart, Jonathan Quick
Scratches
None


Play-by-Play

1st period


0:01 of 1st period - Steven Stamkos wins face-off versus David Pastrnak in neutral zone.
0:26 of 1st period - Brayden Point is hit by Ryan McDonagh.
0:30 of 1st period - Wrist shot by Timo Meier.
0:30 of 1st period - Deflect By Brayden Point.
0:30 of 1st period - Shot Blocked by Erik Gustafsson.
0:30 of 1st period - Puck is out of play.
0:31 of 1st period - David Kampf wins face-off versus Blake Lizotte in Predators zone.
1:02 of 1st period - Slapshot by Jordan Kyrou.
1:02 of 1st period - Stopped by Carter Hart without a rebound.
1:03 of 1st period - Morgan Geekie wins face-off versus Luke Glendening in Predators zone.
1:30 of 1st period - Boone Jenner is hit by Calvin de Haan and loses puck.
1:52 of 1st period - Off-side.
1:53 of 1st period - Mason McTavish wins face-off versus Jordan Kyrou in neutral zone.
1:56 of 1st period - Esa Lindell is hit by Mason McTavish and loses puck.
2:05 of 1st period - Snap shot by Brayden Point.
2:05 of 1st period - Deflect By Timothy Liljegren.
2:05 of 1st period - Stopped by Carter Hart with a rebound.
2:07 of 1st period - Slapshot by Esa Lindell.
2:07 of 1st period - Stopped by Carter Hart with a rebound.
2:19 of 1st period - Snap shot by Timo Meier.
2:19 of 1st period - Shot Misses the Net.
2:21 of 1st period - Snap shot by Esa Lindell.
2:21 of 1st period - Stopped by Carter Hart without a rebound.
2:22 of 1st period - Claude Giroux wins face-off versus Bo Horvat in Predators zone.
2:33 of 1st period - Snap shot by Claude Giroux.
2:33 of 1st period - Stopped by Vitek Vanecek without a rebound.
2:34 of 1st period - Blake Lizotte wins face-off versus David Kampf in Avalanche zone.
2:39 of 1st period - Snap shot by Phil Kessel.
2:39 of 1st period - Shot Misses the Net.
2:41 of 1st period - Slapshot by Calvin de Haan.
2:41 of 1st period - Shot Blocked by Dylan DeMelo.
2:43 of 1st period - Slapshot by Adam Boqvist.
2:43 of 1st period - Stopped by Vitek Vanecek without a rebound.
2:44 of 1st period - David Kampf wins face-off versus Blake Lizotte in Avalanche zone.
3:13 of 1st period - Snap shot by Phil Kessel.
3:13 of 1st period - Shot Misses the Net.
3:15 of 1st period - Snap shot by Blake Lizotte.
3:15 of 1st period - Shot Misses the Net.
3:17 of 1st period - Wrist shot by Adam Boqvist.
3:17 of 1st period - Shot Blocked by Brandon Tanev.
3:19 of 1st period - Slapshot by Calvin de Haan.
3:19 of 1st period - Stopped by Vitek Vanecek with a rebound.
3:21 of 1st period - Snap shot by Calvin de Haan.
3:21 of 1st period - Stopped by Vitek Vanecek without a rebound.
3:22 of 1st period - Bo Horvat wins face-off versus Claude Giroux in Avalanche zone.
3:29 of 1st period - Snap shot by David Pastrnak.
3:29 of 1st period - Stopped by Carter Hart with a rebound.
3:31 of 1st period - Snap shot by Bo Horvat.
3:31 of 1st period - Stopped by Carter Hart with a rebound.
4:19 of 1st period - Esa Lindell is hit by Pat Maroon and loses puck.
4:47 of 1st period - Icing by David Pastrnak.
4:48 of 1st period - Blake Lizotte wins face-off versus Brayden Point in Avalanche zone.
4:53 of 1st period - Snap shot by Blake Lizotte.
4:53 of 1st period - Stopped by Vitek Vanecek with a rebound.
4:55 of 1st period - Snap shot by Ryan McDonagh.
4:55 of 1st period - Stopped by Vitek Vanecek without a rebound.
4:56 of 1st period - Claude Giroux wins face-off versus Brayden Point in Avalanche zone.
6:30 of 1st period - Backhand shot by Claude Giroux.
6:30 of 1st period - Stopped by Vitek Vanecek without a rebound.
6:31 of 1st period - Claude Giroux wins face-off versus Brayden Point in Avalanche zone.
6:34 of 1st period - Wrist shot by Claude Giroux.
6:34 of 1st period - Shot Blocked by Jordan Kyrou.
6:36 of 1st period - Snap shot by Claude Giroux.
6:36 of 1st period - Deflect By Travis Sanheim.
6:36 of 1st period - Stopped by Vitek Vanecek without a rebound.
6:37 of 1st period - Claude Giroux wins face-off versus Brayden Point in Avalanche zone.
6:38 of 1st period - Snap shot by Steven Stamkos.
6:38 of 1st period - Stopped by Vitek Vanecek without a rebound.
6:39 of 1st period - Brayden Point wins face-off versus Steven Stamkos in Avalanche zone.
6:39 of 1st period - Brayden Point is hit by Steven Stamkos.
7:01 of 1st period - Wrist shot by Steven Stamkos.
7:01 of 1st period - Shot Blocked by Travis Sanheim.
7:05 of 1st period - Snap shot by Steven Stamkos.
7:05 of 1st period - Shot Misses the Net.
7:07 of 1st period - Wrist shot by Claude Giroux.
7:07 of 1st period - Stopped by Vitek Vanecek with a rebound.
7:09 of 1st period - Snap shot by Steven Stamkos.
7:09 of 1st period - Shot Blocked by Travis Sanheim.
7:11 of 1st period - Snap shot by Steven Stamkos.
7:11 of 1st period - Stopped by Vitek Vanecek without a rebound.
7:12 of 1st period - Bo Horvat wins face-off versus Blake Lizotte in Avalanche zone.
8:27 of 1st period - Wrist shot by Steven Stamkos.
8:27 of 1st period - Shot Blocked by Travis Sanheim.
8:45 of 1st period - Boone Jenner is hit by Adam Boqvist and loses puck.
9:10 of 1st period - Snap shot by Luke Glendening.
9:10 of 1st period - Deflect By Keegan Kolesar.
9:10 of 1st period - Stopped by Vitek Vanecek with a rebound.
9:28 of 1st period - Esa Lindell is hit by Blake Lizotte and loses puck.
10:37 of 1st period - Wrist shot by David Pastrnak.
10:37 of 1st period - Stopped by Carter Hart with a rebound.
10:39 of 1st period - Wrist shot by Boone Jenner.
10:39 of 1st period - Stopped by Carter Hart without a rebound.
10:40 of 1st period - Bo Horvat wins face-off versus Blake Lizotte in Predators zone.
10:57 of 1st period - Snap shot by Jaden Schwartz.
10:57 of 1st period - Stopped by Vitek Vanecek without a rebound.
10:58 of 1st period - Brayden Point wins face-off versus Claude Giroux in Avalanche zone.
11:22 of 1st period - Timo Meier is hit by Steven Stamkos and loses puck.
11:51 of 1st period - Steven Stamkos is hit by Dylan DeMelo.
11:55 of 1st period - Dylan DeMelo is hit by Steven Stamkos and loses puck.
12:43 of 1st period - Snap shot by Steven Stamkos.
12:43 of 1st period - Stopped by Vitek Vanecek with a rebound.
14:51 of 1st period - Wrist shot by Brayden Point.
14:51 of 1st period - Stopped by Carter Hart without a rebound.
14:52 of 1st period - Jaden Schwartz wins face-off versus Bo Horvat in Predators zone.
15:46 of 1st period - Slapshot by Nicolas Hague.
15:46 of 1st period - Stopped by Vitek Vanecek with a rebound.
17:35 of 1st period - Off-side.
17:36 of 1st period - Boone Jenner wins face-off versus Mason McTavish in neutral zone.
18:21 of 1st period - Wrist shot by Nikolaj Ehlers.
18:21 of 1st period - Stopped by Carter Hart without a rebound.
18:22 of 1st period - Mason McTavish wins face-off versus Morgan Geekie in Predators zone.
18:36 of 1st period - Timothy Liljegren is hit by Morgan Geekie and loses puck.
19:26 of 1st period - Pat Maroon is hit by Boone Jenner.
19:49 of 1st period - Slapshot by Matty Beniers.
19:49 of 1st period - Stopped by Carter Hart without a rebound.
19:50 of 1st period - Blake Lizotte wins face-off versus Bo Horvat in Predators zone.
Goals for this period are 0 for Avalanche vs 0 for Predators.
Shots for this period are 11 for Avalanche vs 15 for Predators.

2nd period


0:01 of 2nd period - Blake Lizotte wins face-off versus Bo Horvat in neutral zone.
0:05 of 2nd period - Off-side.
0:06 of 2nd period - Jaden Schwartz wins face-off versus Bo Horvat in neutral zone.
0:40 of 2nd period - Off-side.
0:41 of 2nd period - Claude Giroux wins face-off versus Brayden Point in neutral zone.
2:01 of 2nd period - Wrist shot by Timo Meier.
2:01 of 2nd period - Stopped by Carter Hart with a rebound.
2:29 of 2nd period - Snap shot by Steven Stamkos.
2:29 of 2nd period - Shot Misses the Net.
2:39 of 2nd period - Brandon Tanev is hit by Timothy Liljegren and loses puck.
3:23 of 2nd period - Icing by Timothy Liljegren.
3:24 of 2nd period - Brayden Point wins face-off versus Claude Giroux in Predators zone.
3:38 of 2nd period - Off-side.
3:39 of 2nd period - Blake Lizotte wins face-off versus Bo Horvat in neutral zone.
4:06 of 2nd period - Timo Meier is hit by Calvin de Haan and loses puck.
4:15 of 2nd period - Snap shot by Claude Giroux.
4:15 of 2nd period - Goal by Claude Giroux - Avalanche : 0 - Predators : 1.
4:16 of 2nd period - David Pastrnak wins face-off versus Blake Lizotte in neutral zone.
4:53 of 2nd period - Slapshot by Claude Giroux.
4:53 of 2nd period - Shot Misses the Net.
5:40 of 2nd period - Minor Penalty to Phil Kessel for Hooking.
5:41 of 2nd period - Luke Glendening wins face-off versus Brayden Point in Predators zone.
6:15 of 2nd period - Timothy Liljegren is hit by Bo Horvat and loses puck.
6:54 of 2nd period - Nicolas Hague is hit by David Pastrnak and loses puck.
7:40 of 2nd period - Penalty to Phil Kessel is over, Phil Kessel is back on ice.
8:02 of 2nd period - Corey Perry is hit by Mason McTavish and loses puck.
9:23 of 2nd period - Snap shot by Adam Boqvist.
9:23 of 2nd period - Shot Misses the Net.
9:33 of 2nd period - Brayden Point is hit by Calvin de Haan and loses puck.
9:53 of 2nd period - Minor Penalty to Keegan Kolesar for High sticking.
9:54 of 2nd period - Luke Glendening wins face-off versus Brayden Point in Predators zone.
9:59 of 2nd period - Snap shot by Blake Lizotte.
9:59 of 2nd period - Stopped by Vitek Vanecek with a rebound.
10:02 of 2nd period - Icing by Jordan Kyrou.
10:03 of 2nd period - Luke Glendening wins face-off versus Brayden Point in Avalanche zone.
10:10 of 2nd period - Backhand shot by Jordan Kyrou.
10:10 of 2nd period - Stopped by Carter Hart without a rebound.
10:11 of 2nd period - Brayden Point wins face-off versus Luke Glendening in Predators zone.
10:18 of 2nd period - Snap shot by Brayden Point.
10:18 of 2nd period - Deflect By David Pastrnak.
10:18 of 2nd period - Stopped by Carter Hart with a rebound.
10:20 of 2nd period - Snap shot by Jordan Kyrou.
10:20 of 2nd period - Goal by Jordan Kyrou - Avalanche : 1 - Predators : 1.
10:21 of 2nd period - Bo Horvat wins face-off versus Claude Giroux in neutral zone.
11:39 of 2nd period - Snap shot by Adam Erne.
11:39 of 2nd period - Shot Blocked by Dylan DeMelo.
11:51 of 2nd period - Snap shot by Keegan Kolesar.
11:51 of 2nd period - Stopped by Vitek Vanecek with a rebound.
11:53 of 2nd period - Snap shot by Adam Erne.
11:53 of 2nd period - Shot Blocked by Travis Sanheim.
11:55 of 2nd period - Snap shot by Timothy Liljegren.
11:55 of 2nd period - Shot Blocked by Travis Sanheim.
11:57 of 2nd period - Slapshot by Timothy Liljegren.
11:57 of 2nd period - Deflect By Bo Horvat.
11:57 of 2nd period - Stopped by Vitek Vanecek without a rebound.
11:58 of 2nd period - Bo Horvat wins face-off versus Cole Caufield in Avalanche zone.
11:58 of 2nd period - Bo Horvat is hit by Claude Giroux.
12:47 of 2nd period - Snap shot by Jordan Kyrou.
12:47 of 2nd period - Stopped by Carter Hart with a rebound.
13:42 of 2nd period - Minor Penalty to Boone Jenner for High sticking.
13:43 of 2nd period - Bo Horvat wins face-off versus Claude Giroux in Avalanche zone.
15:42 of 2nd period - Penalty to Boone Jenner is over, Boone Jenner is back on ice.
16:20 of 2nd period - Snap shot by Jordan Kyrou.
16:20 of 2nd period - Shot Misses the Net.
16:22 of 2nd period - Snap shot by Mattias Samuelsson.
16:22 of 2nd period - Shot Misses the Net.
16:32 of 2nd period - Bo Horvat is hit by Nicolas Hague and loses puck.
17:26 of 2nd period - Icing by Morgan Geekie.
17:27 of 2nd period - Luke Glendening wins face-off versus Bo Horvat in Avalanche zone.
17:28 of 2nd period - Snap shot by Erik Gustafsson.
17:28 of 2nd period - Shot Misses the Net.
17:30 of 2nd period - Wrist shot by Adam Erne.
17:30 of 2nd period - Deflect By Luke Glendening.
17:30 of 2nd period - Stopped by Vitek Vanecek with a rebound.
18:04 of 2nd period - Snap shot by Matty Beniers.
18:04 of 2nd period - Stopped by Carter Hart with a rebound.
19:02 of 2nd period - Esa Lindell is hit by Pat Maroon and loses puck.
19:07 of 2nd period - Slapshot by Pat Maroon.
19:07 of 2nd period - Deflect By Mason McTavish.
19:07 of 2nd period - Shot Misses the Net.
19:07 of 2nd period - Puck is out of play.
19:08 of 2nd period - Mason McTavish wins face-off versus Brayden Point in Avalanche zone.
19:11 of 2nd period - Snap shot by Pat Maroon.
19:11 of 2nd period - Stopped by Vitek Vanecek without a rebound.
19:12 of 2nd period - Brayden Point wins face-off versus Claude Giroux in Avalanche zone.
Goals for this period are 1 for Avalanche vs 1 for Predators.
Shots for this period are 6 for Avalanche vs 6 for Predators.

3rd period


0:01 of 3rd period - Bo Horvat wins face-off versus Claude Giroux in neutral zone.
0:04 of 3rd period - Snap shot by Bo Horvat.
0:04 of 3rd period - Stopped by Carter Hart with a rebound.
0:06 of 3rd period - Snap shot by Travis Sanheim.
0:06 of 3rd period - Stopped by Carter Hart without a rebound.
0:07 of 3rd period - Claude Giroux wins face-off versus Bo Horvat in Predators zone.
0:14 of 3rd period - Slapshot by Steven Stamkos.
0:14 of 3rd period - Shot Blocked by Dylan DeMelo.
0:22 of 3rd period - Wrist shot by Bo Horvat.
0:22 of 3rd period - Stopped by Carter Hart with a rebound.
0:24 of 3rd period - Slapshot by Travis Sanheim.
0:24 of 3rd period - Shot Blocked by Timothy Liljegren.
0:26 of 3rd period - Slapshot by Travis Sanheim.
0:26 of 3rd period - Deflect By Nicolas Hague.
0:26 of 3rd period - Stopped by Carter Hart with a rebound.
0:28 of 3rd period - Slapshot by Travis Sanheim.
0:28 of 3rd period - Deflect By Bo Horvat.
0:28 of 3rd period - Stopped by Carter Hart without a rebound.
0:29 of 3rd period - Brayden Point wins face-off versus Blake Lizotte in Predators zone.
0:40 of 3rd period - Snap shot by Brayden Point.
0:40 of 3rd period - Stopped by Carter Hart with a rebound.
0:56 of 3rd period - Erik Karlsson is hit by Claude Giroux and loses puck.
1:03 of 3rd period - Slapshot by Erik Karlsson.
1:03 of 3rd period - Stopped by Carter Hart with a rebound.
1:31 of 3rd period - Slapshot by Erik Gustafsson.
1:31 of 3rd period - Stopped by Vitek Vanecek with a rebound.
1:41 of 3rd period - Wrist shot by J.J. Peterka.
1:41 of 3rd period - Shot Misses the Net.
1:51 of 3rd period - Snap shot by Brayden Point.
1:51 of 3rd period - Goal by Brayden Point - Avalanche : 2 - Predators : 1.
1:52 of 3rd period - Bo Horvat wins face-off versus Claude Giroux in neutral zone.
2:00 of 3rd period - Slapshot by Steven Stamkos.
2:00 of 3rd period - Shot Blocked by Travis Sanheim.
2:02 of 3rd period - Slapshot by Nicolas Hague.
2:02 of 3rd period - Shot Blocked by Travis Sanheim.
2:04 of 3rd period - Slapshot by Timothy Liljegren.
2:04 of 3rd period - Shot Misses the Net.
2:06 of 3rd period - Slapshot by Nicolas Hague.
2:06 of 3rd period - Shot Blocked by Travis Sanheim.
2:08 of 3rd period - Slapshot by Claude Giroux.
2:08 of 3rd period - Shot Hit the Post.
2:45 of 3rd period - Snap shot by David Kampf.
2:45 of 3rd period - Stopped by Carter Hart with a rebound.
3:15 of 3rd period - Slapshot by Erik Gustafsson.
3:15 of 3rd period - Shot Blocked by David Kampf.
5:42 of 3rd period - Off-side.
5:43 of 3rd period - Claude Giroux wins face-off versus Brayden Point in neutral zone.
5:49 of 3rd period - Minor Penalty to Nicolas Hague for Roughing.
5:50 of 3rd period - Claude Giroux wins face-off versus Brayden Point in Predators zone.
6:46 of 3rd period - Icing by Jake Sanderson.
6:47 of 3rd period - Luke Glendening wins face-off versus Boone Jenner in Avalanche zone.
6:58 of 3rd period - Calvin de Haan is hit by David Pastrnak and loses puck.
7:49 of 3rd period - Penalty to Nicolas Hague is over, Nicolas Hague is back on ice.
7:59 of 3rd period - Nicolas Hague is hit by Brandon Tanev and loses puck.
8:04 of 3rd period - Snap shot by David Kampf.
8:04 of 3rd period - Deflect By Claude Giroux.
8:04 of 3rd period - Shot Misses the Net.
8:04 of 3rd period - Puck is out of play.
8:05 of 3rd period - David Kampf wins face-off versus J.J. Peterka in Predators zone.
8:08 of 3rd period - Snap shot by Brandon Tanev.
8:08 of 3rd period - Stopped by Carter Hart without a rebound.
8:09 of 3rd period - David Kampf wins face-off versus Mason McTavish in Predators zone.
8:32 of 3rd period - Icing by Brandon Tanev.
8:33 of 3rd period - Claude Giroux wins face-off versus David Kampf in Avalanche zone.
8:51 of 3rd period - Snap shot by Brandon Tanev.
8:51 of 3rd period - Shot Misses the Net.
8:53 of 3rd period - Slapshot by Jake Sanderson.
8:53 of 3rd period - Stopped by Carter Hart with a rebound.
8:55 of 3rd period - Wrist shot by Corey Perry.
8:55 of 3rd period - Stopped by Carter Hart with a rebound.
8:57 of 3rd period - Snap shot by David Kampf.
8:57 of 3rd period - Shot Misses the Net.
8:59 of 3rd period - Snap shot by David Kampf.
8:59 of 3rd period - Shot Misses the Net.
9:01 of 3rd period - Slapshot by Jake Sanderson.
9:01 of 3rd period - Stopped by Carter Hart with a rebound.
9:03 of 3rd period - Backhand shot by Jake Sanderson.
9:03 of 3rd period - Stopped by Carter Hart with a rebound.
9:19 of 3rd period - Wrist shot by Steven Stamkos.
9:19 of 3rd period - Shot Misses the Net.
10:09 of 3rd period - Snap shot by Cole Caufield.
10:09 of 3rd period - Stopped by Vitek Vanecek without a rebound.
10:10 of 3rd period - Blake Lizotte wins face-off versus Bo Horvat in Avalanche zone.
10:23 of 3rd period - Snap shot by David Pastrnak.
10:23 of 3rd period - Deflect By Bo Horvat.
10:23 of 3rd period - Shot Misses the Net.
10:23 of 3rd period - Puck is out of play.
10:24 of 3rd period - Luke Glendening wins face-off versus Brayden Point in Predators zone.
10:45 of 3rd period - Erik Karlsson is hit by Keegan Kolesar.
10:55 of 3rd period - Slapshot by Dylan DeMelo.
10:55 of 3rd period - Shot Blocked by Phil Kessel.
10:57 of 3rd period - Snap shot by David Pastrnak.
10:57 of 3rd period - Deflect By Phil Kessel.
10:57 of 3rd period - Stopped by Carter Hart without a rebound.
10:58 of 3rd period - Blake Lizotte wins face-off versus Bo Horvat in Predators zone.
11:13 of 3rd period - Wrist shot by Jaden Schwartz.
11:13 of 3rd period - Stopped by Vitek Vanecek without a rebound.
11:14 of 3rd period - Luke Glendening wins face-off versus Brayden Point in Avalanche zone.
11:27 of 3rd period - Adam Erne is hit by Timo Meier and loses puck.
11:45 of 3rd period - Snap shot by David Pastrnak.
11:45 of 3rd period - Shot Misses the Net.
11:51 of 3rd period - Slapshot by David Pastrnak.
11:51 of 3rd period - Shot Hit the Post.
12:09 of 3rd period - Wrist shot by Steven Stamkos.
12:09 of 3rd period - Stopped by Vitek Vanecek with a rebound.
12:15 of 3rd period - Snap shot by Claude Giroux.
12:15 of 3rd period - Shot Blocked by Matty Beniers.
12:31 of 3rd period - Snap shot by Luke Glendening.
12:31 of 3rd period - Stopped by Vitek Vanecek without a rebound.
12:32 of 3rd period - Bo Horvat wins face-off versus Blake Lizotte in Avalanche zone.
13:09 of 3rd period - Snap shot by Cole Caufield.
13:09 of 3rd period - Shot Blocked by Jordan Kyrou.
13:45 of 3rd period - Ryan McDonagh is hit by Corey Perry and loses puck.
14:00 of 3rd period - Snap shot by Mason McTavish.
14:00 of 3rd period - Stopped by Vitek Vanecek without a rebound.
14:01 of 3rd period - Bo Horvat wins face-off versus Mason McTavish in Avalanche zone.
14:01 of 3rd period - Bo Horvat is hit by J.J. Peterka.
14:09 of 3rd period - Snap shot by Bo Horvat.
14:09 of 3rd period - Stopped by Carter Hart with a rebound.
14:51 of 3rd period - Matty Beniers is hit by Calvin de Haan and loses puck.
15:16 of 3rd period - Backhand shot by Keegan Kolesar.
15:16 of 3rd period - Stopped by Vitek Vanecek without a rebound.
15:17 of 3rd period - Brayden Point wins face-off versus Luke Glendening in Avalanche zone.
15:41 of 3rd period - Bo Horvat is hit by Cole Caufield.
15:47 of 3rd period - Snap shot by Claude Giroux.
15:47 of 3rd period - Stopped by Vitek Vanecek without a rebound.
15:48 of 3rd period - Brayden Point wins face-off versus Luke Glendening in Avalanche zone.
15:50 of 3rd period - Minor Penalty to Timo Meier for Tripping.
15:51 of 3rd period - Bo Horvat wins face-off versus Claude Giroux in Avalanche zone.
15:59 of 3rd period - Snap shot by Steven Stamkos.
15:59 of 3rd period - Shot Blocked by Travis Sanheim.
16:39 of 3rd period - Bo Horvat is hit by Timothy Liljegren and loses puck.
16:50 of 3rd period - Snap shot by Jaden Schwartz.
16:50 of 3rd period - Deflect By Luke Glendening.
16:50 of 3rd period - Shot Misses the Net.
16:50 of 3rd period - Puck is out of play.
16:51 of 3rd period - Luke Glendening wins face-off versus David Kampf in Avalanche zone.
17:06 of 3rd period - Snap shot by Phil Kessel.
17:06 of 3rd period - Stopped by Vitek Vanecek with a rebound.
17:18 of 3rd period - Erik Gustafsson is hit by Bo Horvat and loses puck.
17:50 of 3rd period - Penalty to Timo Meier is over, Timo Meier is back on ice.
18:11 of 3rd period - Timo Meier is hit by Jaden Schwartz and loses puck.
19:10 of 3rd period - Predators, Carter Hart is pulled from the net.
19:48 of 3rd period - Wrist shot by Blake Lizotte.
19:48 of 3rd period - Stopped by Vitek Vanecek without a rebound.
19:49 of 3rd period - Jared Bednar call a timeout for Predators.
19:49 of 3rd period - Bo Horvat wins face-off versus Blake Lizotte in Avalanche zone.
19:56 of 3rd period - Snap shot by Bo Horvat.
19:56 of 3rd period - Goal by Bo Horvat - Avalanche : 3 - Predators : 1.
19:56 of 3rd period - Carter Hart from Predators was sent back in the game.
19:57 of 3rd period - Bo Horvat wins face-off versus Luke Glendening in neutral zone.
Goals for this period are 2 for Avalanche vs 0 for Predators.
Shots for this period are 17 for Avalanche vs 10 for Predators.